 Dungeon Crawl Stone Soup version 0.28.0 (webtiles) character file.

Game seed: 9860459344977173851

18482 Findor the Severer (level 12, -23/103 HPs)
             Began as a Minotaur Berserker on Feb 10, 2022.
             Was a High Priest of Trog.
             Annihilated by a very large slime creature (51 damage)
             ... on level 11 of the Dungeon.
             The game lasted 00:23:52 (13033 turns).

Findor the Severer (Minotaur Berserker)            Turns: 13033, Time: 00:23:53

Health: -23/103    AC: 17    Str: 27    XL:     12   Next: 28%
Magic:  11/11      EV: 11    Int:  4    God:    Trog [*****.]
Gold:   740        SH:  0    Dex: 12    Spells: 11/11 levels left

rFire   + . .      SeeInvis .   b - +9 battleaxe "Huplu" {vorpal, rElec rN+ Str+2}
rCold   + . .      Faith    .   (shield currently unavailable)
rNeg    + . .      Spirit   .   E - +0 storm dragon scales
rPois   +          Reflect  .   s - +2 hat
rElec   +          Harm     .   P - scarf {rC+ rF+}
rCorr   .          Rampage  .   (no gloves)
Will    .....                   t - +0 pair of boots
Stlth   ..........              (no amulet)
HPRegen 0.27/turn               j - +4 ring of slaying
MPRegen 0.12/turn               w - ring of poison resistance

@: no status effects
A: horns 2, retaliatory headbutt
a: Renounce Religion, Berserk, Trog's Hand, Brothers in Arms


You were on level 11 of the Dungeon.
You worshipped Trog.
Trog was extremely pleased with you.
You visited 2 branches of the dungeon, and saw 12 of its levels.
You also visited: Bailey and Ice Cave.

You collected 1034 gold pieces.
You spent 294 gold pieces at shops.


Innate Abilities, Weirdness & Mutations

You have a pair of horns on your head.
You reflexively headbutt those who attack you in melee.


   Skills:
 + Level 8.9 Fighting
 + Level 18.2 Axes
 + Level 8.4 Armour
 + Level 7.7 Dodging
 + Level 6.0 Evocations


You had 11 spell levels left.
You didn't know any spells.
Your spell library was empty.

Inventory:

Hand Weapons
 a - a +4 broad axe of flaming
   (You found it on level 1 of the Dungeon)
 b - the +9 battleaxe "Huplu" (weapon) {vorpal, rElec rN+ Str+2}
   (Trog gifted it to you in an ice cave)

   It inflicts extra damage upon your enemies.
   Str:       It affects your strength (+2).
   rElec:     It insulates you from electricity.
   rN:        It protects you from negative energy.
 Q - a +1 broad axe of freezing
   (You found it in an ice cave)
Missiles
 r - a curare-tipped dart (quivered)
Armour
 l - +0 swamp dragon scales
   (You took it off Maggie on level 10 of the Dungeon)
 s - a +2 hat (worn)
   (You found it on level 4 of the Dungeon)
 t - a +0 pair of boots (worn)
   (You found it on level 10 of the Dungeon)
 B - an orb of light
   (You found it on level 5 of the Dungeon)
 E - +0 storm dragon scales (worn)
   (You found it on level 6 of the Dungeon)
 P - a scarf of resistance (worn)
   (You found it in an ice cave)
 R - the +4 ring mail of Grand Liberty {-Tele rF+ rC+ Will+ Stlth+}
   (You found it on level 10 of the Dungeon)

   rF:        It protects you from fire.
   rC:        It protects you from cold.
   -Tele:     It prevents most forms of teleportation.
   Will:      It increases your willpower.
   Stlth:     It makes you more stealthy.
 S - a +0 chain mail of cold resistance
   (You found it in an ice cave)
Jewellery
 c - a +4 ring of evasion
   (You found it on level 8 of the Dungeon)
 d - a +4 ring of protection
   (You found it on level 9 of the Dungeon)
 j - a +4 ring of slaying (left hand)
   (You found it on level 2 of the Dungeon)
 w - a ring of poison resistance (right hand)
   (You found it on level 5 of the Dungeon)
 y - a ring of protection from cold
   (You found it on level 5 of the Dungeon)
 D - a ring of flight
   (You took it off a deep elf pyromancer on level 10 of the Dungeon)
 G - a ring of positive energy
   (You found it on level 6 of the Dungeon)
 O - a +6 ring of dexterity
   (You found it in an ice cave)
Wands
 q - a wand of mindburst (27)
   (You found it on level 3 of the Dungeon)
 u - a wand of paralysis (6)
   (You found it in an ice cave)
 v - a wand of digging (6)
   (You found it on level 8 of the Dungeon)
 x - a wand of acid (15)
   (You found it on level 4 of the Dungeon)
 M - a wand of polymorph (4)
   (You found it on level 10 of the Dungeon)
Scrolls
 e - 6 scrolls of teleportation {@r4}
 I - 3 scrolls of fog
 K - a scroll of holy word
 L - a scroll of fear
Potions
 f - 2 potions of curing {@q1}
 g - a potion of haste {@q3}
 h - 2 potions of ambrosia
 i - 3 potions of resistance
 k - 4 potions of flight
 m - a potion of experience {unknown}
 n - 3 potions of heal wounds {@q2}
 o - a potion of magic {unknown}
 p - a potion of attraction {unknown}
 z - 8 potions of mutation {!q}
 A - 3 potions of cancellation
 C - 7 potions of might
 H - a potion of lignification {!q}
 J - a potion of invisibility {unknown}
Miscellaneous
 N - a condenser vane
   (You found it on level 10 of the Dungeon)


Message History

Found a scroll labelled JUZXED ENTEIM.
The yak bellows!
A slime creature comes into view.
Two slime creatures merge to form a large slime creature.
The yak moves out of view.
Your movement speed is average.
Your attack delay is about 0.7.
Your base attributes are Str 25, Int 4, Dex 12.
A yak comes into view. x2
The yak bellows!
A yak comes into view.
The yak bellows!
A yak comes into view.
Two slime creatures merge to form a large slime creature.
You slice the yak!!
A howler monkey comes into view.
A yak comes into view.
The yak misses you. You furiously retaliate!
You headbutt the yak. You barely miss the yak.
The yak bellows!
The howler monkey howls!
You headbutt the yak.
You kill the yak!
Trog accepts your kill.
You hear a howl!
The howler monkey hoots and howls with incredible vigour!
Two slime creatures merge to form a very large slime creature.
A yak comes into view.
A howler monkey comes into view.
The yak bellows!
A yak comes into view.
The howler monkey hoots and howls with incredible vigour!
You see here a yak corpse.
The yak bellows!
A large slime creature splits.
The howler monkey hoots and howls with incredible vigour!
The very large slime creature closely misses you.
You slice the very large slime creature!!
The very large slime creature hits you!!!
The yak gores you.
The howler monkey hoots and howls with incredible vigour!
The very large slime creature hits you!
* * * LOW HITPOINT WARNING * * *
You see here 4 potions of brilliance.
You slice the very large slime creature!!
You slice the very large slime creature!!
The very large slime creature hits you!!!
* * * LOW HITPOINT WARNING * * *
Okay, then.
Okay, then.
You feel much better.
The very large slime creature hits you!!!
You die...

###......# #.# #. .....
#......###.# #. .....
#.......##.# #. ...?..
#.....#.##.####. ###.YY...
#...(.#..#.##...####h.Jh....
#.....##.#.##.##.YYh.#
#.....##...##........#
#.....###..#####Y##.##
####### #.>...@JY##...
###############


You could see a very large slime creature, 3 yaks and 2 howler monkeys.

Vanquished Creatures
  A reaper (IceCv)
  2 two-headed ogres
  2 orc knights
  A deep elf pyromancer (D:10)
  2 orc sorcerers (Orc:1)
  A manticore (D:10)
  An ice statue (IceCv)
  A komodo dragon (D:9)
  Maggie (D:10)
  A kobold demonologist (D:10)
  The ghost of confidenceinterval the Vexing, a novice HuEn of Uskayaw (D:5)
  An entropy weaver simulacrum (IceCv)
  2 ice devils (Orc:1)
  3 hornets (D:9)
  4 trolls
  Grinder (D:6)
  A meliai zombie (D:11)
  A shadow (D:10)
  12 yaks
  Sigmund (D:5)
  2 wraiths (D:10)
  2 dire elephant simulacra (IceCv)
  Eustachio (D:5)
  Menkaure (D:6)
  A steam dragon (D:8)
  2 death yak simulacra (IceCv)
  2 harpy simulacra (IceCv)
  3 water moccasins
  Duvessa (D:6)
  A sky beast (D:8)
  3 black bears
  6 orc warriors
  A necrophage (D:6)
  2 ice beasts
  An ogre (D:6)
  4 centaurs
  A phantom (D:6)
  9 bullfrogs
  2 kobold brigands (D:10)
  A wyvern zombie (D:8)
  A gnoll sergeant (D:10)
  5 scorpions
  A water moccasin zombie (D:6)
  4 two-headed ogre simulacra (IceCv)
  4 cane toad simulacra (IceCv)
  Dowan (D:6)
  7 killer bees
  An elephant simulacrum (IceCv)
  6 wights (D:6)
  8 howler monkeys
  2 centaur zombies
  A hound (D:5)
  3 jellies
  13 orc priests
  2 centaur skeletons
  2 iguanas
  14 orc wizards
  A polar bear simulacrum (IceCv)
  6 spriggan simulacra (IceCv)
  A killer bee zombie (D:7)
  2 wolf simulacra (IceCv)
  A hound zombie (D:5)
  8 adders
  16 gnolls
  A howler monkey skeleton (D:5)
  13 naga simulacra (IceCv)
  8 white imps
  3 ufetubi (IceCv)
  3 worms
  54 orcs
  2 ball pythons
  2 bats
  5 endoplasms
  3 giant cockroaches
  11 goblins
  2 hobgoblins
  3 quokkas
  5 kobolds
  A quokka skeleton (D:4)
  4 rats
316 creatures vanquished.

Vanquished Creatures (others)
  A white imp (IceCv)
  14 fungi (D:9)
  13 plants
28 creatures vanquished.

Grand Total: 344 creatures vanquished

Notes
Turn   | Place    | Note
-------+----------+-------------------------------------------
     0 | D:1      | Findor the Minotaur Berserker began the quest for the Orb.
     0 | D:1      | Reached XP level 1. HP: 19/19 MP: 0/0
   135 | D:1      | Found Turghyos's Distillery.
   196 | D:1      | Bought a potion of curing for 36 gold pieces
   277 | D:1      | Reached skill level 4 in Axes
   771 | D:2      | Reached XP level 2. HP: 26/26 MP: 1/1
  1023 | D:2      | Found a basalt altar of Yredelemnul.
  1133 | D:2      | Reached skill level 5 in Axes
  1189 | D:1      | Reached XP level 3. HP: 31/31 MP: 2/2
  1205 | D:2      | Reached XP level 4. HP: 30/39 MP: 3/3
  1284 | D:2      | Reached skill level 6 in Axes
  1551 | D:2      | Found a faded altar of an unknown god.
  1855 | D:3      | Reached ** piety under Trog
  2130 | D:4      | Reached skill level 7 in Axes
  2130 | D:4      | Reached XP level 5. HP: 45/45 MP: 4/4
  2258 | D:4      | Reached skill level 8 in Axes
  2414 | D:4      | Reached XP level 6. HP: 28/51 MP: 5/5
  3139 | D:4      | Reached skill level 9 in Axes
  3467 | D:5      | Entered Level 5 of the Dungeon
  3467 | D:5      | Noticed Sigmund
  3477 | D:5      | Killed Sigmund
  3478 | D:5      | Reached skill level 10 in Axes
  3478 | D:5      | Reached XP level 7. HP: 15/57 MP: 6/6
  3710 | D:5      | Noticed confidenceinterval's ghost (novice HuEn)
  3712 | D:5      | Found a runed translucent door.
  3807 | D:5      | Found Ygawak's General Store.
  3815 | D:5      | Bought a scroll of enchant weapon for 90 gold pieces
  3893 | D:1      | Bought 2 potions of might for 96 gold pieces
  3893 | D:1      | Bought a potion of lignification for 36 gold pieces
  3893 | D:1      | Bought a potion of flight for 36 gold pieces
  4421 | D:5      | Found a broken altar of Ashenzari.
  4647 | D:5      | Reached skill level 11 in Axes
  4672 | D:5      | Found a staircase to the Ecumenical Temple.
  4696 | D:5      | Noticed Eustachio
  4707 | D:5      | Killed Eustachio
  4903 | D:6      | Reached XP level 8. HP: 61/64 MP: 7/7
  4903 | D:6      | Noticed Duvessa
  4905 | D:6      | Noticed Dowan
  4924 | D:6      | Killed Duvessa
  4925 | D:6      | Reached skill level 12 in Axes
  4927 | D:6      | Killed Dowan
  5147 | D:6      | Noticed Menkaure
  5154 | D:6      | Killed Menkaure
  5163 | D:6      | Reached skill level 13 in Axes
  5164 | D:6      | Noticed Grinder
  5322 | D:6      | Killed Grinder
  5323 | D:6      | Reached skill level 14 in Axes
  5323 | D:6      | Reached XP level 9. HP: 70/70 MP: 8/8
  5451 | D:6      | Noticed a troll
  5457 | D:6      | Killed a troll
  5670 | D:6      | Reached skill level 15 in Axes
  6372 | D:7      | Reached skill level 16 in Axes
  6714 | D:7      | Identified the +2 hand crossbow "Dafyew" {elec, rC+ Will++
                  | Int-4}
  6786 | D:8      | Found a flagged portal.
  6849 | Bailey   | Entered a bailey
  7160 | Bailey   | Noticed an orc knight
  7174 | Bailey   | Killed an orc knight
  7178 | Bailey   | Reached skill level 17 in Axes
  7297 | Bailey   | Reached *** piety under Trog
  7472 | D:8      | Reached XP level 10. HP: 76/77 MP: 9/9
  7865 | D:8      | Found a runed translucent door.
  7866 | D:8      | Noticed Tzialkovskiy's ghost (novice GrFi)
  8121 | D:5      | Killed confidenceinterval's ghost
  8122 | D:5      | Reached skill level 18 in Axes
  8339 | D:9      | Reached skill level 3 in Armour
  8339 | D:9      | Reached skill level 1 in Evocations
  8345 | D:9      | Reached skill level 3 in Dodging
  8346 | D:9      | Noticed a two-headed ogre
  8363 | D:9      | Killed a two-headed ogre
  8472 | D:9      | Found a staircase to the Lair.
  8516 | D:9      | Reached skill level 3 in Evocations
  8632 | D:9      | Found a runed translucent door.
  8633 | D:9      | Noticed bezhaha's ghost (journeyman DjFE)
  8661 | D:9      | Reached XP level 11. HP: 78/89 MP: 10/10
  9236 | D:10     | Entered Level 10 of the Dungeon
  9258 | D:10     | Noticed a soul eater
  9262 | D:10     | Reached skill level 6 in Fighting
  9323 | D:10     | Reached **** piety under Trog
  9456 | D:10     | Noticed a deep elf pyromancer
  9477 | D:10     | Found a portal to a secret trove of treasure.
  9546 | D:10     | Found a staircase to the Orcish Mines.
  9580 | D:10     | Identified the +4 ring mail of Grand Liberty {-Tele rF+ rC+
                  | Will+ Stlth+}
  9716 | D:10     | Noticed Maggie
  9724 | D:10     | Killed Maggie
  9845 | D:10     | Reached skill level 6 in Armour
  9852 | D:10     | Killed a deep elf pyromancer
 10074 | D:10     | Reached skill level 6 in Dodging
 10578 | Orc:1    | Entered Level 1 of the Orcish Mines
 10592 | Orc:1    | Found a burning altar of Makhleb.
 10592 | Orc:1    | Noticed an orc sorcerer
 10593 | Orc:1    | Noticed a soul eater
 10595 | Orc:1    | Noticed an orc sorcerer
 10601 | Orc:1    | Killed an orc sorcerer
 10607 | Orc:1    | Noticed a sixfirhy
 10607 | Orc:1    | Killed an orc sorcerer
 10620 | Orc:1    | Noticed an orc knight
 10626 | Orc:1    | Killed an orc knight
 10641 | Orc:1    | Found a frozen archway.
 10651 | Orc:1    | HP: 18/93 [ice devil (8)]
 10651 | Orc:1    | HP: 7/93 [ice devil (11)]
 10651 | Orc:1    | HP: 1/93 [ice devil (6)]
 10881 | IceCv    | Entered an ice cave
 11396 | IceCv    | Reached ***** piety under Trog
 11694 | IceCv    | Identified the +9 battleaxe "Huplu" {vorpal, rElec rN+
                  | Str+2} (Trog gifted it to you in an ice cave)
 11694 | IceCv    | Received a gift from Trog
 12028 | IceCv    | Noticed a reaper
 12033 | IceCv    | Reached XP level 12. HP: 59/103 MP: 11/11
 12035 | IceCv    | HP: 21/154 [reaper (36)]
 12039 | IceCv    | Killed a reaper
 12063 | IceCv    | HP: 16/103 [something (4)]
 12068 | IceCv    | HP: 19/103 [something (4)]
 12750 | D:11     | Noticed a two-headed ogre
 12754 | D:11     | Killed a two-headed ogre
 12936 | D:11     | Reached skill level 6 in Evocations
 13032 | D:11     | HP: 9/103 [very large slime creature (41)]
 13033 | D:11     | Annihilated by a very large slime creature

Levels and vault maps discovered:
D:1:      wander_arrival_peaceful_grave, layout_basic, serial_shops, shop_coins
D:2:      layout_loops_ring, shapermc_ecumenical_altar_mp_vishouse, basic_altar
D:3:      layout_rooms, minmay_stone_trees_small, serial_bayou_pond_a
D:4:      layout_layer_cave
D:5:      layout_basic, ashenzari_altar_1, lemuel_temple_firewalk_b,
          serial_shops, nicolae_square_shop, hellmonk_ghost_happy_afterlife,
          corner_web_ring, kennysheep_nondescript, uniq_sigmund, uniq_eustachio
D:6:      layout_loops_cross, nicolae_sextant, uniq_grinder, uniq_duvessa,
          uniq_menkaure
D:7:      layout_cave_pools
D:8:      layout_rooms, gammafunk_ghost_grave, enter_bailey_3
D:9:      layout_loops_ring, due_lair_maze_entry_diamond,
          ebering_ghost_reflecting_pool
D:10:     layout_stronghold, orc_0_dummy, serial_column_ruins,
          column_ruins_open_tiny, column_ruins_corridor_straight,
          column_ruins_open_tiny, column_ruins_grid_3, column_ruins_open_tiny,
          column_ruins_open_large, enter_trove_2,
          minmay_mirror_moons_of_madness, uniq_maggie
D:11:     layout_basic
Orc:1:    layout_caves, portal_ice_cave_demonic_guard, basic_altar

Action                   |  1- 3 |  4- 6 |  7- 9 | 10-12 || total
-------------------------+-------+-------+-------+-------++-------
Melee: Hand axe          |     9 |       |       |       ||     9
       Headbutt          |     6 |    13 |    37 |    71 ||   127
       Broad axe         |    26 |    91 |   167 |   255 ||   539
       Battleaxe         |       |       |       |    45 ||    45
Invok: Berserk           |     1 |     2 |     5 |     5 ||    13
       Trog's Hand       |       |     3 |     7 |     7 ||    17
  Use: Potion            |       |       |     1 |     9 ||    10
       Scroll            |       |       |     8 |    12 ||    20
 Stab: Sleeping          |     1 |       |       |       ||     1
Armor: Animal skin       |     3 |       |       |       ||     3
       Scale mail        |     2 |    16 |       |       ||    18
       Chain mail        |       |    14 |    34 |       ||    48
       Storm dragon scal |       |       |    40 |    67 ||   107
       Ring mail         |       |       |       |    41 ||    41
Dodge: Dodged            |    16 |    38 |    68 |   109 ||   231
